 Dungeon Crawl Stone Soup version 0.26.0-41-g79a4fc7684 (webtiles) character file.

Game seed: 14983896840723574016

19189 lmSkywalker the Scholar of Death (level 12, -19/92 HPs)
             Began as a Demonspawn Necromancer on Jan 26, 2021.
             Was a Follower of Kikubaaqudgha.
             Killed from afar by a lich (60 damage)
             ... with a bolt of lightning
             ... on level 1 of the Abyss on Jan 27, 2021.
             The game lasted 02:28:30 (26308 turns).

lmSkywalker the Scholar of Death (DsNe)            Turns: 26308, Time: 02:28:31

Health: -19/92     AC: 18    Str: 10    XL:     12   Next: 34%
Magic:  16/16      EV: 16    Int: 27    God:    Kikubaaqudgha [*.....]
Gold:   747        SH:  5    Dex: 13    Spells: 2/17 levels left

rFire    . . .     SeeInvis .   H - +3 flail (protect)
rCold    . . .     Faith    .   (no shield)
rNeg     . . .     Spirit   .   a - +1 acid dragon scales
rPois    .         Reflect  +   (no helmet)
rElec    .         Harm     .   (no cloak)
rCorr    +         Rampage  .   u - +2 pair of gloves
Will     .....                  P - +0 pair of boots
Stlth    ++........             y - amulet of reflection
HPRegen  0.25/turn              Q - +4 ring of protection
MPRegen  0.15/turn              N - +6 ring of intelligence

@: very slightly contaminated
A: talons 1, thin metallic scales 2, foul stench 2, screaming 1, spiny 2, miasma
immunity
a: Renounce Religion, Receive Corpses


You were on level 1 of the Abyss.
You worshipped Kikubaaqudgha.
Kikubaaqudgha was aware of your devotion.
You visited 2 branches of the dungeon, and saw 14 of its levels.
You visited the Abyss 1 time.

You collected 747 gold pieces.

Inventory:

Hand Weapons
 H - a +3 flail of protection (weapon)
 O - a +4 morningstar
 V - a +0 morningstar of draining
Missiles
 e - 2 silver javelins
 f - 77 poisoned darts
 s - 22 boomerangs
 A - 3 throwing nets
 I - 8 javelins
Armour
 a - +1 acid dragon scales (worn)
 u - a +2 pair of gloves (worn)
 P - a +0 pair of boots (worn)
 T - the +1 pair of gloves "Peabaawn" {rC+ Dex+5, unknown}
   (You found it on level 1 of the Abyss)

   It affects your dexterity (+5).
   It protects you from cold.
Jewellery
 q - a +6 ring of dexterity
 y - an amulet of reflection (around neck)
 z - an uncursed ring of fire
 N - a +6 ring of intelligence (right hand)
 Q - a +4 ring of protection (left hand)
 U - an uncursed ring of fire
Wands
 l - a wand of polymorph (10)
 t - a wand of digging (1)
 C - a wand of random effects (32)
 D - a wand of flame (11)
 L - a wand of acid (16)
 M - a wand of iceblast (16)
Scrolls
 d - 3 scrolls of identify
 g - 8 scrolls of teleportation
 h - 4 scrolls of magic mapping
 j - a scroll of amnesia
 k - 4 scrolls of remove curse
 m - a scroll of fear
 v - 2 scrolls of immolation
 w - 2 scrolls of enchant armour
 x - a scroll of acquirement {unknown}
 E - 4 scrolls of enchant weapon
 K - a scroll of vulnerability {unknown}
 R - a scroll of noise {unknown}
Potions
 b - 2 potions of berserk rage
 c - 2 potions of lignification
 i - a potion of cancellation {unknown}
 n - a potion of degeneration {unknown}
 o - a potion of resistance
 p - 5 potions of curing
 r - 2 potions of heal wounds
 B - a potion of invisibility
 F - 3 potions of attraction
 G - 7 potions of flight
 J - a potion of brilliance {unknown}
 S - a potion of magic {unknown}


   Skills:
 + Level 8.1 Fighting
 - Level 3.6 Short Blades
 + Level 7.3 Maces & Flails
 + Level 9.8 Dodging
 - Level 4.2 Stealth
 - Level 3.2 Spellcasting
 * Level 13.5 Necromancy


You had 2 spell levels left.
You knew the following spells:

 Your Spells              Type           Power        Failure   Level
a - Pain                  Necr           100%         1%          1
b - Agony                 Necr           67%          1%          5
c - Vampiric Draining     Necr           33%          1%          3
d - Animate Dead          Necr           33%          1%          4
e - Sublimation of Blood  Necr           33%          1%          2

Your spell library contained the following spells:

 Spells                   Type           Power        Failure   Level
 Animate Skeleton         Necr           100%         1%          1
 Foxfire                  Conj/Fire      16%          14%         1
 Conjure Flame            Conj/Fire      4%           38%         3
 Inner Flame              Hex/Fire       4%           38%         3
 Sticky Flame             Conj/Fire      4%           80%         4
 Fireball                 Conj/Fire      2%           98%         5


Dungeon Overview and Level Annotations

Branches:
Dungeon (13/15)            Temple (1/1) D:6            Lair (0/6) D:11
    Orc (0/2) D:9
 Vaults: D:13-14

Altars:
Ashenzari
Cheibriados
Dithmenos
Fedhas
Gozag
Kikubaaqudgha
Makhleb
Nemelex Xobeh
Okawaru
Qazlal
Ru
Trog
Vehumet
Xom
Yredelemnul
Zin
The Shining One

Shops:
D:6 (

Annotations:
D:6 Duvessa
D:10 exclusion: oklob sapling
D:12 3 runed translucent doors, exclusion: 3 doors, pigah's ghost, journeyman DgWn


Innate Abilities, Weirdness & Mutations

You have sharp toenails.
You are mostly covered in thin metallic scales. (AC +3)
You frequently emit foul miasma when damaged in melee.
You are mostly covered in sharp spines.
You are immune to miasma.
You occasionally shout uncontrollably at your foes.


Message History

You can move again.
The lich conjures a glowing orb.
An orb of destruction comes into view.
The orb of destruction hits a metal wall.
A neqoxec comes into view.
Found a scroll of immolation.
The lich is engulfed in mutagenic fog.
The neqoxec shouts!
The neqoxec gestures at you.
Something tries to feed on your intellect!
The neqoxec gestures at you.
Strange energies course through your body.
You feel the urge to shout. The neqoxec gestures at you.
Something tries to feed on your intellect!
The lich points at you and mumbles some strange words.
The bolt of lightning hits you!!!
Ouch! That really hurt!
You die...
Kikubaaqudgha rasps: "You have failed me!
Welcome... death!"

#.....3.....
#.............
#..............
##########........ .....
........................
.................... ...
#......................
#.....@........ .. .#
.............L.....#.###
......................§§
.#####..?..#........#.#§
#............. § #§
................#)§⌠
##..............# .§§
##...####.##...##### ##
#.# .


You could see a lich.

Vanquished Creatures
  A boulder beetle (D:12)
  A centaur warrior (D:13)
  4 two-headed ogres
  An unseen horror (D:12)
  Pikel (D:4)
  A cyclops (D:13)
  A centaur zombie (D:12)
  Maggie (D:9)
  A komodo dragon (D:11)
  A kobold demonologist (D:11)
  2 trolls
  3 hornets
  Grinder (D:4)
  An ettin zombie (Abyss:1)
  3 slime creatures (D:12)
  3 wyverns
  8 yaks
  A wraith (D:12)
  Eustachio (D:4)
  2 water moccasins (D:10)
  5 orc warriors
  2 black bears (D:11)
  3 sky beasts
  A small abomination (Abyss:1)
  6 phantoms
  An eye of draining (D:9)
  3 necrophages
  9 centaurs
  10 ogres
  16 big kobolds
  A lemure (D:4)
  10 bullfrogs
  4 gnoll sergeants (D:9)
  A wyvern skeleton (D:12)
  2 water moccasin skeletons (D:8)
  4 scorpions
  17 wights
  3 electric eels (D:10)
  4 howler monkeys
  A bullfrog zombie (D:5)
  10 hounds
  3 quasits
  9 orc priests
  A jelly (D:11)
  3 centaur skeletons
  A gnoll shaman (D:3)
  12 orc wizards
  4 bullfrog skeletons
  An iron imp (Abyss:1)
  5 iguanas
  8 worker ants
  Natasha (thrice) (D:3)
  A hound skeleton (D:5)
  2 worker ant zombies
  15 gnolls
  19 adders
  A howler monkey skeleton (D:4)
  4 shadow imps
  4 white imps
  An ooze (D:1)
  An adder skeleton (D:7)
  2 worms (D:3)
  2 dart slugs
  2 leopard geckos
  54 orcs
  8 ball pythons
  5 giant cockroaches
  5 goblins
  11 hobgoblins
  30 kobolds
  3 quokkas
  8 bats
  4 frilled lizards
  6 kobold skeletons (D:11)
  12 kobold zombies (D:11)
  2 leopard gecko skeletons
  6 rats
409 creatures vanquished.

Vanquished Creatures (collateral kills)
  A phantom (D:6)
  An orc wizard (D:7)
  An adder (D:10)
  2 gnolls
  An ufetubus (D:10)
  3 goblins (D:1)
  A hobgoblin (D:1)
  2 quokkas
  A ball python (D:10)
  4 kobolds
  A leopard gecko skeleton (D:8)
  A rat (D:1)
19 creatures vanquished.

Vanquished Creatures (others)
  A fungus (D:13)
  22 plants
  2 starspawn tentacles (Abyss:1)
  2 toadstools (D:13)
27 creatures vanquished.

Grand Total: 455 creatures vanquished

Notes
Turn   | Place    | Note
-------+----------+-------------------------------------------
     0 | D:1      | lmSkywalker the Demonspawn Necromancer began the quest for
                  | the Orb.
     0 | D:1      | Reached XP level 1. HP: 13/13 MP: 3/3
   527 | D:1      | Learned a level 1 spell: Animate Skeleton
   662 | D:1      | Found a broken altar of Ashenzari.
  1122 | D:1      | Gained mutation: You are immune to miasma. [demonic
                  | ancestry]
  1122 | D:1      | Reached XP level 2. HP: 19/19 MP: 5/5
  2355 | D:2      | Gained mutation: You may emit foul miasma when damaged in
                  | melee. [demonic ancestry]
  2355 | D:2      | Reached XP level 3. HP: 24/24 MP: 7/7
  2421 | D:2      | Reached skill level 5 in Necromancy
  2426 | D:2      | Learned a level 3 spell: Vampiric Draining
  3079 | D:2      | Found an opulent altar of Gozag.
  3146 | D:2      | Found a glowing silver altar of Zin.
  4621 | D:3      | Gained mutation: You are partially covered in thin metallic
                  | scales. (AC +2) [demonic ancestry]
  4621 | D:3      | Reached XP level 4. HP: 26/30 MP: 4/8
  5628 | D:3      | Reached XP level 5. HP: 31/35 MP: 4/9
  5716 | D:3      | Reached skill level 6 in Necromancy
  6762 | D:4      | Noticed Natasha
  6774 | D:3      | Reached XP level 6. HP: 20/41 MP: 0/10
  7029 | D:3      | Killed Natasha
  7110 | D:3      | Noticed Natasha
  7113 | D:3      | Killed Natasha
  7204 | D:3      | Noticed Natasha
  7211 | D:3      | Killed Natasha
  7577 | D:4      | Noticed Eustachio
  7657 | D:4      | Noticed Grinder
  7664 | D:4      | Paralysed by Grinder for 4 turns
  8273 | D:4      | Reached skill level 1 in Short Blades
  8273 | D:4      | Reached skill level 7 in Necromancy
  8673 | D:4      | Gained mutation: You have sharp toenails. [demonic
                  | ancestry]
  8673 | D:4      | Reached XP level 7. HP: 31/46 MP: 7/11
  8800 | D:4      | Paralysed by Grinder for 4 turns
  9137 | D:5      | Entered Level 5 of the Dungeon
  9438 | D:5      | Reached skill level 5 in Dodging
 10050 | D:4      | Reached skill level 8 in Necromancy
 10050 | D:4      | Reached XP level 8. HP: 48/52 MP: 12/12
 10120 | D:4      | Paralysed by Grinder for 4 turns
 10992 | D:5      | Learned a level 4 spell: Animate Dead
 11047 | D:6      | Found a staircase to the Ecumenical Temple.
 11090 | Temple   | Entered the Ecumenical Temple
 11202 | D:6      | Found Lihot's Weapon Shop.
 11217 | D:6      | Noticed Duvessa
 11483 | D:6      | Found a burning altar of Makhleb.
 11483 | D:6      | Found a shimmering altar of Xom.
 11923 | D:6      | Reached skill level 9 in Necromancy
 12461 | D:7      | Reached skill level 1 in Fighting
 12461 | D:7      | Reached skill level 1 in Maces & Flails
 13290 | D:7      | Gained mutation: You frequently emit foul miasma when
                  | damaged in melee. [demonic ancestry]
 13290 | D:7      | Reached XP level 9. HP: 60/60 MP: 11/13
 14179 | D:7      | Learned a level 5 spell: Agony
 14814 | D:7      | Reached skill level 10 in Necromancy
 16172 | D:9      | Found a sacrificial altar of Ru.
 16465 | D:9      | Gained mutation: You are mostly covered in thin metallic
                  | scales. (AC +3) [demonic ancestry]
 16465 | D:9      | Reached XP level 10. HP: 70/73 MP: 0/14
 16878 | D:9      | Noticed Maggie
 17042 | D:9      | Killed Maggie
 17189 | D:9      | Found a staircase to the Orcish Mines.
 17677 | D:9      | Reached skill level 5 in Fighting
 18570 | D:10     | Entered Level 10 of the Dungeon
 18597 | D:10     | Reached skill level 5 in Maces & Flails
 18896 | D:10     | Reached skill level 11 in Necromancy
 19375 | D:10     | Noticed a two-headed ogre
 19389 | D:10     | Killed a two-headed ogre
 19578 | D:10     | Paralysed by a hornet for 3 turns
 19964 | D:10     | Noticed a two-headed ogre
 20005 | D:10     | Killed a two-headed ogre
 20006 | D:10     | Gained mutation: You are partially covered in sharp spines.
                  | [demonic ancestry]
 20006 | D:10     | Reached XP level 11. HP: 53/81 MP: 5/15
 21429 | D:11     | Found a stormy altar of Qazlal.
 21819 | D:11     | Found a staircase to the Lair.
 21916 | D:11     | Reached skill level 12 in Necromancy
 22272 | D:11     | Found an ancient bone altar of Kikubaaqudgha.
 22388 | D:11     | Became a worshipper of Kikubaaqudgha
 22924 | D:11     | Noticed a seven-headed hydra
 23422 | D:11     | Noticed a two-headed ogre
 24050 | D:12     | Found a runed translucent gate.
 24050 | D:12     | Noticed an orc knight
 24050 | D:12     | Noticed a merfolk impaler
 24051 | D:12     | Found a runed translucent gate.
 24051 | D:12     | Found a runed translucent gate.
 24051 | D:12     | Noticed a tengu warrior
 24051 | D:12     | Noticed a tengu warrior
 24051 | D:12     | Noticed a tengu warrior
 24052 | D:12     | Noticed pigah's ghost (journeyman DgWn)
 24052 | D:12     | Noticed a naga warrior
 24052 | D:12     | Noticed a deep elf archer
 24057 | D:12     | Found an iron altar of Okawaru.
 24117 | D:12     | Reached * piety under Kikubaaqudgha
 24117 | D:12     | Identified Kikubaaqudgha's Collected Works on Sinister
                  | Magic (Kikubaaqudgha gifted it to you on level 12 of the
                  | Dungeon)
 24117 | D:12     | Received a gift from Kikubaaqudgha
 24124 | D:12     | Learned a level 2 spell: Sublimation of Blood
 24390 | D:12     | Killed an unseen horror
 24540 | D:12     | Noticed a boulder beetle
 24552 | D:12     | Killed a boulder beetle
 24725 | D:12     | Noticed a two-headed ogre
 24741 | D:12     | Killed a two-headed ogre
 24742 | D:12     | Gained mutation: You are mostly covered in sharp spines.
                  | [demonic ancestry]
 24742 | D:12     | Reached XP level 12. HP: 90/91 MP: 12/16
 24804 | D:12     | Reached skill level 13 in Necromancy
 25301 | D:13     | Noticed a two-headed ogre
 25309 | D:13     | Noticed a centaur warrior
 25315 | D:12     | Killed a two-headed ogre
 25354 | D:13     | Noticed a six-headed hydra
 25356 | D:13     | Killed a centaur warrior
 25594 | D:4      | Paralysed by Grinder for 5 turns
 25595 | D:4      | Killed Grinder
 25647 | D:4      | Noticed Pikel
 25663 | D:4      | Killed Pikel
 25829 | D:4      | Killed Eustachio
 26045 | D:6      | Cast into level 1 of the Abyss (crimson imp)
 26070 | Abyss:1  | Noticed a hell hog
 26071 | Abyss:1  | Got a pair of shimmering gloves
 26111 | Abyss:1  | Found an ornate altar of the Wu Jian Council.
 26230 | Abyss:1  | Noticed a lich
 26241 | Abyss:1  | Noticed a starcursed mass
 26246 | Abyss:1  | Noticed a tentacled starspawn
 26295 | Abyss:1  | Paralysed by a lich for 4 turns
 26303 | Abyss:1  | Gained mutation: You occasionally shout uncontrollably at
                  | your foes. [a neqoxec]
 26308 | Abyss:1  | Killed from afar by a lich

Illustrated notes

Levels and vault maps discovered:
D:1:      kennysheep_arrival_forest, layout_loops_ring, columned_hall_lemuel,
          kennysheep_nondescript, nicolae_ashenzari_panopticon
D:2:      layout_basic, pdpol_temple_overflow_zin_treasury_gozag_greed,
          serial_co_window_serial, co_window_paths_b, co_window_paths_a,
          co_window_corner_a, co_window_paths_a, co_window_corner_a,
          co_window_paths_b, co_window_cross_1, co_window_corner_ca,
          co_window_corner_cb, co_window_corner_b, st_stairs_5
D:3:      layout_rooms
D:4:      layout_loops_corners, uniq_eustachio, uniq_natasha, uniq_grinder,
          uniq_pikel
D:5:      layout_cave_pools, serial_park, serial_park_fountain,
          kennysheep_potato
D:6:      layout_rooms, grunt_temple_overflow_champion_of_chaos,
          grunt_temple_overflow_octagram, minmay_temple_entry_proselytizer,
          serial_shops, shop, gammafunk_ghost_smash, bh_walls_and_bars,
          uniq_duvessa
D:7:      layout_basic, minmay_misc_feat_secret_circle, grunt_ministairs_5
D:8:      layout_loops_ring, st_stairs_3, chequers_serial_rivers_micro_e
D:9:      layout_cross, hangedman_ru_absence,
          kennysheep_orc_monster_closet_entryway, uniq_maggie
D:10:     layout_basic, introduction_to_nature_2
D:11:     wander_kiku_kobolds, layout_cave_pods, david_lair_shrubbed,
          basic_altar, roderic_serpentine_path
D:12:     layout_loops_corners, gammafunk_ghost_fury_of_okawaru,
          kennysheep_windowed_goal
D:13:     minmay_bloctagon, layout_long_grid, minmay_gold_behind_fungi,
          lightli_airlock
Temple:   zaba_magenta_temple
Abyss:1:  base: D:13, minivault_5, kilobyte_mutagenic_chamber

Skill      XL: |  1  2  3  4  5  6  7  8  9 10 11 12 |
---------------+-------------------------------------+-----
Necromancy     | 5 6 7 8 9 10 11 12 13 | 13.5
Spellcasting   | 3 |  3.2
Dodging        | 2 3 4 5 6 7 8 9 |  9.8
Short Blades   | 1 3 |  3.6
Fighting       | 1 4 6 7 8 |  8.1
Maces & Flails | 1 4 5 6 7 |  7.3
Stealth        | 3 4 |  4.2

Action                   |  1- 3 |  4- 6 |  7- 9 | 10-12 || total
-------------------------+-------+-------+-------+-------++-------
Melee: Unarmed           |    23 |       |       |       ||    23
       Short sword       |    84 |   162 |   288 |       ||   534
       Club              |     6 |       |       |       ||     6
       Kick              |       |       |   180 |    97 ||   277
       Flail             |       |       |   305 |   697 ||  1002
Throw: Stone             |    17 |       |       |       ||    17
       Boomerang         |    16 |    43 |    77 |    10 ||   146
       Javelin           |       |       |       |     4 ||     4
 Cast: Animate Skeleton  |    17 |     9 |     7 |       ||    33
       Pain              |    44 |    74 |    88 |   144 ||   350
       Vampiric Draining |     2 |     3 |    10 |    24 ||    39
       Animate Dead      |       |       |    11 |    17 ||    28
       Agony             |       |       |       |    21 ||    21
Evoke: Wand              |       |       |       |     1 ||     1
  Use: Scroll            |     1 |     9 |     9 |     3 ||    22
 Stab: Sleeping          |       |     1 |     2 |     7 ||    10
       Distracted        |       |     1 |       |     2 ||     3
Armor: Robe              |    14 |       |       |       ||    14
       Leather armour    |    41 |    61 |   142 |     7 ||   251
       Acid dragon scale |       |       |       |   218 ||   218
Dodge: Dodged            |    85 |   101 |   372 |   570 ||  1128
Block: Other             |       |    18 |   111 |   168 ||   297
       Reflection        |       |       |     5 |    16 ||    21
